 Dungeon Crawl Stone Soup version 0.18-a0-1789-gbeff17f (webtiles) character file.

537 manon the Chopper (level 7, -7/61 HPs)
             Began as a Hill Orc Fighter on Apr 16, 2016.
             Was a Believer of Qazlal.
             Mangled by an orc warrior
             ... wielding a +0 war axe
              (16 damage)
             ... on level 6 of the Dungeon on Apr 21, 2016.
             The game lasted 00:32:48 (3661 turns).

manon the Chopper (Hill Orc Fighter)                Turns: 3661, Time: 00:32:49

Health: -7/61      AC:  7    Str: 21    XL:     7   Next: 25%
Magic:  4/8        EV:  7    Int:  8    God:    Qazlal [**....]
Gold:   279        SH: 13    Dex: 10    Spells: 0 memorised, 6 levels left

rFire  . . .     SeeInvis .     a - +0 war axe
rCold  . . .     Gourm    +     B - -1 scale mail (curse)
rNeg   . . .     Faith    .     c - +1 shield
rPois  +         Spirit   .     (no helmet)
rElec  .         Dismiss  .     s - +0 cloak (curse)
rCorr  .         Reflect  .     (no gloves)
SustAt .         Harm     .     (no boots)
MR     .....                    y - amulet of Kebraol {Gourm rPois}
Stlth  ..........               (no ring)
                                (no ring)

@: not resistant to hostile enchantments, extremely unstealthy
A: no striking features
a: Upheaval, Renounce Religion


You were on level 6 of the Dungeon.
You worshipped Qazlal.
Qazlal was pleased with you.
You were not hungry.

You visited 2 branches of the dungeon, and saw 7 of its levels.

You collected 279 gold pieces.

Inventory:

Hand Weapons
 a - a +0 war axe (weapon)
 b - a +0 hunting sling
 t - a +0 morningstar
Missiles
 n - 95 sling bullets
Armour
 c - a +1 shield (worn)
 m - a +0 scale mail
 s - a cursed +0 cloak (worn)
 w - a +0 cloak of magic resistance
 B - a cursed -1 scale mail (worn)
Jewellery
 y - the amulet of Kebraol (around neck) {Gourm rPois}
   (You found it on level 5 of the Dungeon)

   [amulet of the gourmand]

   It allows you to eat raw meat even when not hungry.
   It protects you from poison.
Scrolls
 e - a scroll of immolation {unknown}
 h - a scroll of teleportation {unknown}
 i - 2 scrolls of identify
 j - a scroll of amnesia
 k - 3 scrolls of enchant armour
 l - 2 scrolls of fear {unknown}
 x - 2 scrolls of magic mapping {unknown}
 F - a scroll of recharging {unknown}
 G - a scroll of noise {unknown}
Potions
 d - a potion of heal wounds {unknown}
 p - 2 potions of lignification {unknown}
 r - 3 potions of brilliance
 u - a potion of mutation {unknown}
 v - a potion of curing {unknown}
 z - a potion of flight {unknown}
 A - a potion of agility {unknown}
 C - a potion of berserk rage {unknown}
 E - a potion of haste {unknown}
Comestibles
 f - 6 bread rations
 g - 2 meat rations
 o - 3 beef jerkies
 q - a royal jelly


   Skills:
 + Level 5.3 Fighting
 * Level 6.4 Axes
 + Level 5.0 Armour
 + Level 4.6 Shields
 + Level 2.1 Invocations


You had 6 spell levels left.
You didn't know any spells.

Dungeon Overview and Level Annotations

Branches:
Dungeon (6/15)             Temple (1/1) D:4

Altars:
Ashenzari
Dithmenos
Elyvilon
Fedhas
Kikubaaqudgha
Nemelex Xobeh
Okawaru
Qazlal
Ru
Sif Muna
Trog
Vehumet
Xom
Yredelemnul
Zin
The Shining One


Message History

You block the orc warrior's attack.
You hit the orc warrior.
The orc warrior is lightly wounded.
The orc warrior hits you with a war axe!
You hit the orc warrior but do no damage.
The orc warrior is lightly wounded.
You block the orc warrior's attack.
You completely miss the orc warrior.
The orc warrior is lightly wounded.
The orc warrior hits you with a war axe!
* * * LOW HITPOINT WARNING * * *
Aiming: Upheaval
Press: ? - help, Dir - move target cursor, f - orc
Aim: an orc, wielding a mace The ground shakes violently, spewing rubble!
The blast of rubble hits the orc.
You kill the orc!
Qazlal accepts your kill.
The orc warrior hits you with a war axe!
You die...

......#
.######...#
.......<..#
.######..##
#..# #
.######..##.#
............##
#######......#
#@####.# #o# #
#Z#
...oo.oo..#
...###.$.##
..... ##...##
##... #.##


You could see an orc warrior, 2 orcs and an adder zombie.

Vanquished Creatures
  An ogre (D:5)
  A giant frog (D:6)
  A howler monkey (D:5)
  2 crimson imps (D:5)
  An orc wizard (D:3)
  Jessica (D:3)
  A hound skeleton (D:4)
  A worker ant zombie (D:5)
  A howler monkey skeleton (D:5)
  5 adders
  6 worms
  4 dart slugs
  3 giant geckos
  15 orcs
  5 giant cockroaches
  11 goblins
  8 hobgoblins
  6 jackals
  2 quokkas
  A ball python (D:2)
  12 bats
  3 giant newts
  2 jackal skeletons
  8 kobolds
  7 rats
108 creatures vanquished.

Notes
Turn   | Place    | Note
--------------------------------------------------------------
     0 | D:1      | manon the Hill Orc Fighter began the quest for the Orb.
     0 | D:1      | Reached XP level 1. HP: 19/19 MP: 1/1
     0 | D:1      | Upgraded the game from 0.18-a0-1778-gadce9fa to 0.18-a0-1788-g92de1ac
    65 | D:1      | Reached XP level 2. HP: 21/27 MP: 2/2
   174 | D:1      | Reached skill level 3 in Axes
   270 | D:1      | Upgraded the game from 0.18-a0-1788-g92de1ac to 0.18-a0-1789-gbeff17f
   671 | D:1      | Reached XP level 3. HP: 33/33 MP: 3/3
  1162 | D:2      | Reached XP level 4. HP: 28/41 MP: 4/4
  1170 | D:2      | Found a sacrificial altar of Ru.
  1184 | D:2      | Found a radiant altar of Vehumet.
  1191 | D:2      | Found a stormy altar of Qazlal.
  1195 | D:2      | Became a worshipper of Qazlal Stormbringer
  1845 | D:3      | Noticed Jessica
  1856 | D:3      | Killed Jessica
  1856 | D:3      | Reached skill level 4 in Axes
  1881 | D:3      | Reached XP level 5. HP: 47/47 MP: 5/5
  1902 | D:3      | Reached * piety under Qazlal
  2357 | D:3      | Reached skill level 1 in Invocations
  2450 | D:4      | Found a staircase to the Ecumenical Temple.
  2468 | Temple   | Entered the Ecumenical Temple
  2688 | D:4      | Reached ** piety under Qazlal
  2688 | D:4      | Reached skill level 5 in Axes
  2759 | D:4      | Found a sparkling altar of Nemelex Xobeh.
  3009 | D:4      | Reached XP level 6. HP: 55/55 MP: 6/6
  3043 | D:5      | Entered Level 5 of the Dungeon
  3070 | D:5      | Reached skill level 5 in Fighting
  3090 | D:5      | Got a coiled emerald amulet
  3100 | D:5      | Identified the amulet of Kebraol {Gourm rPois} (You found it on level 5 of the Dungeon)
  3342 | D:5      | Reached skill level 6 in Axes
  3342 | D:5      | Reached XP level 7. HP: 25/61 MP: 8/8
  3653 | D:6      | Reached skill level 5 in Armour
  3661 | D:6      | Mangled by an orc warrior

Vault maps used:
D:1:      minmay_arrival_doors, minmay_door_square, kennysheep_nondescript
D:2:      minitemple, minivault_23
D:3:      uniq_jessica
D:4:      lemuel_upstairs_altar, nemelex_deck,
          minmay_temple_entry_statues_fountains
D:5:      first_bread
D:6:      roderic_greek_sauvastika, minmay_misc_feat_tiny
Temple:   oiseaux_autumnal_temple_12

Skill      XL: |  1  2  3  4  5  6  7 |
---------------+----------------------+-----
Axes           | 3 4 5 6 |  6.4
Fighting       | 4 5 |  5.3
Armour         | 4 5 |  5.0
Shields        | 4 |  4.6
Invocations    | 1 2 |  2.1

Action                   |  1- 3 |  4- 6 |  7- 9 || total
-------------------------+-------+-------+-------++-------
Melee: War axe           |   136 |   222 |    34 ||   392
 Fire: Hunting sling     |     1 |       |       ||     1
Invok: Upheaval          |       |       |     1 ||     1
  Use: Potion            |       |     1 |       ||     1
       Scroll            |       |     3 |       ||     3
  Eat: Chunk             |     1 |     9 |       ||    10
       Pizza             |       |       |     1 ||     1
Armor: Scale mail        |    57 |    97 |    10 ||   164
Dodge: Dodged            |    46 |    76 |     8 ||   130
Block: Shield            |    86 |   138 |    20 ||   244
